 Dungeon Crawl Stone Soup version 0.25.0-10-g039870ee82 (webtiles) character file.

Game seed: 13963699194069892946

2 Aviak the Caller (level 1, -1/9 HPs)
             Began as a Spriggan Summoner on June 23, 2020.
             Killed by nerve-wracking pain
             ... invoked by Jessica
              (4 damage)
             ... on level 2 of the Dungeon.
             The game lasted 00:00:14 (139 turns).

Aviak the Caller (Spriggan Summoner)                 Turns: 139, Time: 00:00:15

Health: -1/9       AC:  2    Str:  4    XL:     1   Next: 33%
Magic:  2/5        EV: 18    Int: 16    God:
Gold:   20         SH:  0    Dex: 16    Spells: 4/5 levels left

rFire    . . .     SeeInvis +   (weapon restricted)
rCold    . . .     Gourm    .   (shield restricted)
rNeg     . . .     Faith    .   a - +0 robe
rPois    .         Spirit   .   (helmet restricted)
rElec    .         Reflect  .   (no cloak)
rCorr    .         Harm     .   (gloves unavailable)
MR       .....                  (boots unavailable)
Stlth    ++........             (no amulet)
HPRegen  0.03/turn              (no ring)
MPRegen  0.09/turn              (no ring)

@: lethally poisoned (-1 -> -8), very slightly contaminated, very quick
A: very small, unfitting armour, see invisible, herbivore, speed 3, slow
metabolism 2
a: no special abilities


You were on level 2 of the Dungeon.
You were not hungry.

You visited 1 branch of the dungeon, and saw 2 of its levels.

You collected 20 gold pieces.

Inventory:

Armour
 a - a +0 robe (worn)
Comestibles
 c - a ration


   Skills:
 + Level 3.2 Dodging
 + Level 3.2 Stealth
 - Level 2.6 Spellcasting
 - Level 3.2 Summonings


You had 4 spell levels left.
You knew the following spells:

 Your Spells              Type           Power        Failure   Level  Hunger
a - Summon Small Mammal   Summ           ##..         4%          1    #......

Your spell library contained the following spells:

 Spells                   Type           Power        Failure   Level  Hunger
 Call Imp                 Summ           ##......     8%          2    ##.....
 Call Canine Familiar     Summ           ##......     16%         3    ###....
 Summon Guardian Golem    Hex/Summ       #.......     30%         3    ###....
 Summon Ice Beast         Ice/Summ       #.......     69%         4    #####..
 Summon Lightning Spire   Summ/Air       #.......     69%         4    #####..


Dungeon Overview and Level Annotations

Branches:
Dungeon (1/15)

Altars:

Annotations:
D:2 Jessica


Innate Abilities, Weirdness & Mutations

You are very small and have problems with some larger weapons.
You are too small for most types of armour.
You have supernaturally acute eyesight. (SInv)
You are a herbivore.
You cover ground extremely quickly.
You need to consume almost no food.


Message History

The hobgoblin is almost dead.
The adder bites you.
Your bat misses the adder.
The leopard gecko skeleton closely misses you.
Jessica gestures wildly while chanting.
Jessica seems to speed up.
The hobgoblin completely misses you.
You hit the hobgoblin.
You kill the hobgoblin!
Your bat hits the leopard gecko skeleton.
The adder bites you.
You are lethally poisoned!
The adder poisons you!
The leopard gecko skeleton barely misses you.
You hit the leopard gecko skeleton but do no damage.
The leopard gecko skeleton is lightly damaged.
You feel sick. The adder barely misses you.
Your bat barely misses the leopard gecko skeleton.
The leopard gecko skeleton closely misses you.
Jessica gestures at you while chanting. Pain shoots through your body!
You die...

#
#####....
#@Zb.....
#.S......
#!....#.#
.@.....>.
......#.#
#.........
##........
#........


You could see an adder, Jessica (fast), a leopard gecko skeleton and a friendly
bat (summoned).

Vanquished Creatures
  2 hobgoblins
2 creatures vanquished.

Vanquished Creatures (collateral kills)
  A rat (D:2)
1 creature vanquished.

Grand Total: 3 creatures vanquished

Notes
Turn   | Place    | Note
-------+----------+-------------------------------------------
     0 | D:1      | Aviak the Spriggan Summoner began the quest for the Orb.
     0 | D:1      | Reached XP level 1. HP: 9/9 MP: 5/5
   121 | D:1      | You fall into a shaft and drop 1 floor!
   127 | D:2      | Noticed Jessica
   139 | D:2      | Killed from afar by Jessica

Illustrated notes

Levels and vault maps discovered:
D:1:      dpeg_arrival_lava_altar, layout_rooms, minmay_tripent
D:2:      layout_basic, overflow_temple_1_default,
          gammafunk_temple_overflow_claw, minmay_misc_feat_encased,
          st_stairs_14, kennysheep_cross_room, uniq_jessica

Action                   || total
-------------------------++-------
Melee: Unarmed           ||    19
 Cast: Summon Small Mamm ||     6
Armor: Robe              ||     1
Dodge: Dodged            ||    27
